 Dungeon Crawl Stone Soup version bcrawl-1.12.2 (webtiles) character file.

Game seed: 14682072520160829013

105843 MisterOstroum the Fighter (level 15, -9/127 HPs)
             Began as a Demonspawn Archaeologist on July 18, 2019.
             Was an Elder of Uskayaw.
             Mangled by a naga warrior
             ... wielding a +1 dire flail of draining
              (13 damage)
             ... on level 1 of the Snake Pit.
             The game lasted 01:40:00 (24429 turns).

MisterOstroum the Fighter (DsAc)                   Turns: 24429, Time: 01:40:00

Health: -9/127     AC: 28    Str: 12    XL:     15   Next: 95%
Magic:  5/25       EV: 18    Int: 16    God:    Uskayaw [****..]
Gold:   421        SH:  0    Dex: 17    Spells: 5/25 levels left

rFire    . . .     SeeInvis +   a - +5 pair of quick blades "Gyre" and "Gimble" {pierce}
rCold    . . .     Gourm    .   (shield currently unavailable)
rNeg     . . .     Faith    .   V - +3 ring mail of Least Resistance {+Inv MR+}
rPois    .         Spirit   .   (helmet unavailable)
rElec    .         Reflect  .   u - +2 cloak
rCorr    .         Harm     .   C - +1 pair of gloves
MR       ++...                  d - +2 pair of boots
Stlth    ++........             q - amulet of rage
HPRegen  4.31/turn              H - ring of wizardry
MPRegen  0.19/turn              w - +1 ring of protection

@: lethally poisoned (-9 -> -10), infused (expiring), singing, sanguine armour,
berserk cooldown, slowed, very slow
A: antennae 3, powered by death 2, spiny 1, sanguine armour 2
a: Stomp, Line Pass, Renounce Religion, Evoke Berserk Rage, Evoke Invisibility


You were on level 1 of the Snake Pit.
You worshipped Uskayaw.
Uskayaw was pleased with you.
You were full.

You visited 6 branches of the dungeon, and saw 22 of its levels.
You also visited: Gauntlet and Volcano.

You collected 2314 gold pieces.
You spent 1893 gold pieces at shops.

Inventory:

Hand Weapons
 a - the +5 pair of quick blades "Gyre" and "Gimble" (weapon) {pierce}

   It inflicts extra damage upon your enemies.
Missiles
 c - a throwing net (quivered) {!f!f}
 i - 384 tomahawks
Armour
 d - a +2 pair of boots (worn)
 u - a +2 cloak (worn)
 v - a +0 troll leather armour
 C - a +1 pair of gloves (worn)
 V - the +3 ring mail of Least Resistance (worn) {+Inv MR+}
   (You found it on level 6 of the Lair of Beasts)

   It affects your resistance to hostile enchantments.
   It lets you turn invisible.
Jewellery
 q - an amulet of rage (around neck)
 w - a +1 ring of protection (right hand)
 y - an uncursed amulet of the acrobat
 H - a ring of wizardry (left hand)
 L - an uncursed ring of fire
Wands
 m - a wand of enslavement (17)
 p - a wand of paralysis (8)
 J - a wand of acid (14)
 M - a wand of digging (10)
 U - a wand of polymorph (8)
 X - a wand of flame (10)
 Y - a wand of disintegration (16)
Scrolls
 b - a scroll of blinking {unknown}
 l - 9 scrolls of remove curse {@r2}
 n - 2 scrolls of silence {unknown}
 r - 6 scrolls of magic mapping {@r5 !r}
 s - 12 scrolls of teleportation {@r3 !r}
 x - a scroll of torment
 B - 2 scrolls of amnesia {unknown}
 D - 4 scrolls of fog {!r}
 F - 3 scrolls of vulnerability {unknown}
 G - a scroll of summoning
 K - 3 scrolls of fear {!r}
 Q - 2 scrolls of brand weapon {unknown}
Potions
 f - 2 potions of magic
 g - a potion of haste {@q4 !q}
 h - 4 potions of heal wounds {@q2 !q}
 k - 2 potions of might
 o - 4 potions of cancellation
 t - 8 potions of curing {@q1 !q}
 z - 3 potions of invisibility
 A - 2 potions of agility {@q5 !q}
 I - 4 potions of flight
 N - 3 potions of resistance
 T - a potion of mutation
 W - a potion of experience
 Z - 5 potions of lignification {@q6}
Miscellaneous
 E - a lamp of fire
 O - a box of beasts
 R - a lightning rod (4/4)
 S - a sack of spiders
Comestibles
 e - 43 rations {!d}


   Skills:
 + Level 14.5 Fighting
 - Level 8.0 Short Blades
   Level 0.8 Maces & Flails
 - Level 7.9 Armour
 - Level 11.8 Dodging
 - Level 3.0 Stealth
 - Level 5.5 Spellcasting
 - Level 5.0 Hexes
 - Level 10.4 Charms
 - Level 3.7 Necromancy
 - Level 13.7 Invocations
 + Level 5.9 Evocations


You had 5 spell levels left.
You knew the following spells:

 Your Spells              Type           Power        Failure   Level  Hunger
a - Infusion              Chrm           #####...     1%          1    None
b - Song of Slaying       Chrm           #####...     1%          2    #......
c - Spectral Weapon       Hex/Chrm       ####....     1%          3    ###....
d - Ozocubu's Armour      Chrm/Ice       ###.....     4%          3    ###....
e - Regeneration          Chrm/Necr      ####......   1%          3    ###....
f - Borgnjor's Vile Clut  Necr/Erth      ##........   100%        6    #######
g - Swiftness             Chrm/Air       ###.....     1%          2    #......

Your spell library contained the following spells:

 Spells                   Type           Power        Failure   Level  Hunger
 Corona                   Hex            ###....      1%          1    None
 Confuse                  Hex            ###.....     4%          3    ###....
 Tukima's Dance           Hex            ###.....     4%          3    ###....
 Ensorcelled Hibernation  Hex/Ice        ##....       6%          2    #......
 Sandblast                Erth           #.....       12%         1    None
 Shock                    Conj/Air       #....        12%         1    None
 Summon Small Mammal      Summ           #...         12%         1    None
 Dazzling Spray           Conj/Hex       ##....       12%         3    ###....
 Call Imp                 Summ           #.......     17%         2    #......
 Passwall                 Tmut/Erth      #.......     17%         2    #......
 Call Canine Familiar     Summ           #.......     32%         3    ###....
 Static Discharge         Air            #.......     32%         3    ###....
 Stone Arrow              Conj/Erth      #.....       32%         3    ###....
 Airstrike                Air            #.........   71%         4    ####...
 Petrify                  Tmut/Erth      #.......     71%         4    ####...
 Summon Ice Beast         Ice/Summ       #.......     71%         4    ####...
 Lee's Rapid Deconstruct  Erth           #.........   95%         5    ######.
 Lightning Bolt           Conj/Air       #.........   95%         5    ######.
 Summon Lightning Spire   Summ/Air       #.......     95%         5    ######.
 Darkness                 Hex            ###.......   89%         6    #######
 Shadow Creatures         Summ           N/A          100%        6    #######
 Time Stop                Chrm/Tloc      N/A          100%        8    #######


Dungeon Overview and Level Annotations

Branches:
Dungeon (12/12)            Temple (1/1) D:7            Lair (6/6) D:7
 Shoals (1/3) Lair:3        Snake (1/3) Lair:3        Slime (0/5) Lair:6
    Orc (1/1) D:10            Elf (0/3) Orc          Vaults (0/3) D:11
 Depths (0/5) D:12

Altars:
Dithmenos
Fedhas
Makhleb
Qazlal
Trog
Uskayaw
Vehumet
Xom
Yredelemnul
Zin
Beogh
Jiyva

Shops:
D:8 *   D:11 }*   Orc (?!:*=%}

Annotations:
D:11 3 runed translucent doors, ichfickdeinhundeclan's ghost, journeyman HOBe


Innate Abilities, Weirdness & Mutations

You have a pair of large antennae on your head. (SInv)
You regenerate health from kills.
You are partially covered in sharp spines.
When seriously injured, your bleeding wounds create thick armour. (AC +9)


Message History

* * * LOW HITPOINT WARNING * * *
You are poisoned.
The naga ritualist's toxic aura wanes.
Agnes is struck by your spines. Agnes hits you but does no damage.
The anaconda is struck by your spines. The anaconda misses you.
The black mamba barely misses you. Agnes completely misses you.
A naga comes into view. It is wielding a +0 glaive.
The anaconda closely misses you.
The naga ritualist gestures at you while chanting.
The lance of force misses you. The black mamba closely misses you.
The naga mage hits you but does no damage.
Agnes hits you but does no damage.
The naga sharpshooter mumbles some strange words.
The naga sharpshooter magically shoots an arrow.
The arrow completely misses you.
A naga warrior comes into view.
It is wielding a +1 dire flail of draining.
You feel sick. Agnes hits you but does no damage. The anaconda bites you.
* * * LOW HITPOINT WARNING * * *
The black mamba barely misses you. The naga ritualist barely misses you.
The naga hits you but does no damage. Agnes barely misses you.
The naga warrior spits poison at you. The splash of poison hits you!
You are more poisoned.
The naga mage gestures wildly while chanting.
The naga mage seems to speed up.
The anaconda misses you. The black mamba completely misses you.
Agnes closely misses you.
The naga ritualist hits you but does no damage.
The naga is struck by your spines. The naga misses you.
Uskayaw will force your foes to share their pain.
Uskayaw links your audience in an emotional bond!
Things that are here:
a +0 glaive; a naga skeleton You completely miss the naga ritualist.
You puncture the naga ritualist! The anaconda bites you.
* * * LOW HITPOINT WARNING * * *
The black mamba is struck by your spines.
The black mamba bites you!
* * * LOW HITPOINT WARNING * * *
Uskayaw links your audience in an emotional bond!
Aiming: Line Pass
Press: ? - help, Dir - move target cursor The naga appears confused.
The naga sharpshooter appears confused.
You feel somewhat less full.
Your magical infusion is running out.
You feel sick.
You hear a shout!
The naga mage spits poison at you. The splash of poison hits you!
You are more poisoned.
Agnes says, "I despise a dishonourable opponent."
The naga mage casts a spell at you. The bolt of poison hits you!
You are lethally poisoned!
The bolt of poison hits the naga warrior.
The naga warrior is poisoned.
You kill the naga mage!
Really quaff
h - 5 potions of heal wounds {@q2 !q}?
You feel much better.
You feel very sick. The anaconda is struck by your spines.
The anaconda misses you.
The naga ritualist mumbles some strange words.
The naga ritualist begins to radiate toxic energy.
* * * LOW HITPOINT WARNING * * *
You are more poisoned.
The naga hits the naga ritualist with a +0 war axe!
The naga completely misses you. The naga warrior closely misses you.
The anaconda bites you but does no damage.
The black mamba is struck by your spines.
The black mamba bites you!
* * * LOW HITPOINT WARNING * * *
You are more poisoned.
The black mamba poisons you!
Agnes hits you with a +2 lajatang of speed!
* * * LOW HITPOINT WARNING * * *
The naga ritualist is struck by your spines.
The naga ritualist hits you but does no damage.
You are more poisoned.
You can now merge with and destroy a victim.
You hit the naga. You hit the naga!
You kill the naga!
You feel sick.
The naga sharpshooter seems less confused.
* * * LOW HITPOINT WARNING * * *
You are more poisoned.
The anaconda bites you.
* * * LOW HITPOINT WARNING * * *
The black mamba is struck by your spines.
The black mamba bites you.
* * * LOW HITPOINT WARNING * * *
The naga sharpshooter shoots an arrow.
The arrow closely misses you.
You stomp with the beat, sending a shockwave through the revelers around you!
You kill the naga ritualist!
You kill Agnes!
You kill the anaconda!
You kill the naga!
You kill the black mamba!
The naga warrior is heavily wounded.
You kill the naga sharpshooter!
You feel somewhat less full.
You can no longer merge with and destroy a victim.
You feel very sick.
The naga warrior hits you with a +1 dire flail of draining!
You die...

#. .## #. { ...#.
##.#% { {{# ###....
.##
.....#.#########....
#..)N).##....>... .
#)@).#{.)......
#...#$)).....###.##
.N..N.).)#.###
.##...#.....#
......#.#...# {
##.^..#.....#
##...##....# #...
#.##..# ..# ..#


You could see a naga warrior and a naga.

Vanquished Creatures
  Kirke (Lair:4)
  Agnes (Snake:1)
  Aizul (Snake:1)
  2 merfolk javelineers (Shoals:1)
  3 fire dragons
  A merfolk impaler (Shoals:1)
  2 ogre magi (Orc)
  14 two-headed ogres
  9 hydras
  5 centaur warriors
  A merfolk avatar (Shoals:1)
  Erica (D:9)
  The ghost of icckedyourdad the Destroyer, a journeyman FrFE of Ashenzari (Lair:2)
  4 tengu warriors
  An anaconda (Snake:1)
  2 death yaks (D:7)
  2 naga sharpshooters (Snake:1)
  A hell knight (Volcano)
  A fire crab (Lair:6)
  An unseen horror (D:11)
  2 deep trolls (Orc)
  2 naga ritualists
  An orc sorcerer (Orc)
  4 ugly things
  3 cyclopes
  2 deep elf magi
  A mana viper (Lair:3)
  4 manticores
  A salamander (Snake:1)
  2 moths of wrath (Lair:2)
  3 merfolk sirens (Shoals:1)
  7 black mambas
  18 elephants
  2 naga magi (Snake:1)
  2 molten gargoyles (Lair:6)
  A water nymph (Shoals:1)
  A gargoyle (D:10)
  Joseph (D:7)
  13 cane toads
  3 efreet
  2 yaktaurs (Volcano)
  A freezing wraith (D:12)
  2 rime drakes
  7 komodo dragons
  11 trolls
  4 merfolk (Shoals:1)
  A polar bear (Lair:6)
  2 hornets
  24 blink frogs
  5 slime creatures
  7 dream sheep (Lair:6)
  6 hippogriffs
  A shadow (D:10)
  4 wyverns
  30 yaks
  9 fire bats (Volcano)
  5 hogs (Lair:4)
  12 humans (D:11)
  3 steam dragons (Lair:6)
  11 vampire mosquitoes
  4 basilisks
  Grum (Lair:1)
  A hungry ghost (D:11)
  Menkaure (D:6)
  An insubstantial wisp (Lair:4)
  7 nagas
  A redback simulacrum (D:12)
  2 wargs (Orc)
  2 soldier ants
  An acid dragon (D:8)
  5 hell hounds (Lair:6)
  6 porcupines
  9 water moccasins
  3 black bears
  6 orc warriors
  3 sky beasts
  A hornet zombie (D:10)
  2 phantoms
  5 boggarts
  13 wolves
  22 ogres
  9 centaurs
  6 crocodiles
  A big kobold (D:6)
  A gnoll sergeant (D:5)
  15 bullfrogs
  2 scorpions
  9 killer bees (D:6)
  A howler monkey (D:5)
  12 lava snakes
  2 crimson imps
  5 centaur zombies
  2 quasits
  2 bullfrog zombies (D:6)
  2 gnoll shamans
  6 jellies
  10 orc priests
  2 hounds
  A bullfrog skeleton (D:5)
  8 centaur skeletons
  4 iguanas
  16 orc wizards
  11 worker ants
  2 hound skeletons
  A worker ant zombie (D:4)
  18 gnolls
  11 adders
  2 shadow imps
  2 oozes
  3 adder zombies
  An adder skeleton (D:5)
  6 worms
  2 dart slugs
  5 leopard geckos
  47 orcs
  8 bats
  2 giant cockroaches (D:2)
  6 goblins (D:1)
  8 hobgoblins
  4 jackals
  11 kobolds
  5 quokkas
  2 ball pythons
  5 frilled lizards
  A jackal zombie (D:7)
  A quokka skeleton (D:6)
  4 rats
  A spectral weapon (Lair:6)
655 creatures vanquished.

Vanquished Creatures (others)
  15 fungi
  16 plants
  11 spectral weapons
42 creatures vanquished.

Grand Total: 697 creatures vanquished

Notes
Turn   | Place    | Note
-------+----------+-------------------------------------------
     0 | D:1      | MisterOstroum the Demonspawn Archaeologist began the quest
                  | for the Orb.
     0 | D:1      | Reached XP level 1. HP: 15/15 MP: 1/1
   295 | D:1      | Reached skill level 2 in Fighting
   340 | D:1      | Gained mutation: When seriously injured, your bleeding
                  | wounds create armour. (AC +9) [demonic ancestry]
   340 | D:1      | Reached XP level 2. HP: 19/22 MP: 2/2
  1151 | D:2      | Reached skill level 3 in Fighting
  1221 | D:2      | Reached XP level 3. HP: 29/29 MP: 3/3
  1604 | D:2      | Found a basalt altar of Yredelemnul.
  1827 | D:2      | Noticed a scorpion
  1834 | D:2      | Reached skill level 1 in Short Blades
  1840 | D:2      | Killed a scorpion
  1840 | D:2      | Gained mutation: You regenerate a little health from kills.
                  | [demonic ancestry]
  1840 | D:2      | Reached XP level 4. HP: 37/37 MP: 4/4
  2054 | D:3      | Reached skill level 4 in Fighting
  2176 | D:3      | Reached XP level 5. HP: 42/42 MP: 5/5
  2374 | D:3      | Found a radiant altar of Vehumet.
  3028 | D:4      | Reached XP level 6. HP: 45/50 MP: 6/6
  3121 | D:4      | Reached skill level 5 in Fighting
  3121 | D:4      | Reached skill level 5 in Short Blades
  3810 | D:4      | Gained mutation: You have a pair of small antennae on your
                  | head. [demonic ancestry]
  3810 | D:4      | Reached XP level 7. HP: 55/57 MP: 7/7
  4274 | D:5      | Entered Level 5 of the Dungeon
  4457 | D:5      | Reached skill level 6 in Fighting
  4688 | D:5      | Found a burning altar of Makhleb.
  4738 | D:5      | Found a glowing silver altar of Zin.
  4739 | D:5      | Noticed an angel
  5059 | D:5      | Found a blossoming altar of Fedhas.
  5059 | D:5      | Found a bloodstained altar of Trog.
  5060 | D:5      | Found a shadowy altar of Dithmenos.
  5190 | D:5      | Reached XP level 8. HP: 65/65 MP: 8/8
  5414 | D:6      | Reached skill level 7 in Fighting
  5467 | D:6      | Noticed Menkaure
  5621 | D:6      | Learned a level 1 spell: Infusion
  5624 | D:6      | Learned a level 2 spell: Song of Slaying
  5628 | D:6      | Learned a level 3 spell: Spectral Weapon
  5674 | D:6      | Noticed a +0 dagger
  5675 | D:6      | Noticed a +0 hand axe
  5676 | D:6      | Found a hide-covered altar of Uskayaw.
  5695 | D:6      | Became a worshipper of Uskayaw the Reveler
  5698 | D:6      | Reached * piety under Uskayaw
  5700 | D:6      | Reached ** piety under Uskayaw
  5706 | D:6      | Killed Menkaure
  5706 | D:6      | Reached skill level 1 in Hexes
  5706 | D:6      | Reached *** piety under Uskayaw
  5824 | D:6      | Reached skill level 1 in Armour
  5824 | D:6      | Reached skill level 1 in Spellcasting
  5824 | D:6      | Reached skill level 1 in Charms
  5859 | D:6      | Reached **** piety under Uskayaw
  5866 | D:6      | Reached ***** piety under Uskayaw
  5877 | D:6      | Gained mutation: You have a pair of antennae on your head.
                  | [demonic ancestry]
  5877 | D:6      | Reached XP level 9. HP: 72/72 MP: 6/11
  5879 | D:6      | Reached ****** piety under Uskayaw
  6237 | D:6      | Learned a level 3 spell: Ozocubu's Armour
  6241 | D:6      | Learned a level 3 spell: Regeneration
  6259 | D:6      | Noticed a troll
  6266 | D:6      | Killed a troll
  6477 | D:7      | Found a staircase to the Lair.
  6477 | D:7      | Noticed a death yak
  6477 | D:7      | Noticed a death yak
  6542 | D:7      | Found a staircase to the Ecumenical Temple.
  6548 | D:7      | Noticed Joseph
  6577 | D:7      | Killed Joseph
  6603 | Temple   | Entered the Ecumenical Temple
  6982 | D:7      | Reached skill level 1 in Invocations
  7076 | D:7      | Noticed a death yak
  7080 | D:7      | Gained mutation: You have a pair of large antennae on your
                  | head. (SInv) [demonic ancestry]
  7080 | D:7      | Reached XP level 10. HP: 67/79 MP: 16/16
  7115 | D:7      | Killed a death yak
  7117 | D:7      | Reached skill level 5 in Invocations
  7188 | D:7      | Killed a death yak
  7188 | D:7      | Reached skill level 5 in Armour
  7188 | D:7      | Reached skill level 5 in Charms
  7418 | D:8      | Found a shimmering altar of Xom.
  7418 | D:8      | Found a shimmering altar of Xom.
  7418 | D:8      | Found a shimmering altar of Xom.
  7418 | D:8      | Found a shimmering altar of Xom.
  7418 | D:8      | Found a shimmering altar of Xom.
  7419 | D:8      | Found a stormy altar of Qazlal.
  7423 | D:8      | Found a shimmering altar of Xom.
  7423 | D:8      | Found a shimmering altar of Xom.
  7443 | D:8      | Found Oroul's General Store.
  7660 | D:8      | Noticed a red ugly thing
  7682 | D:8      | Killed a brown ugly thing
  7682 | D:8      | Reached skill level 1 in Evocations
  7780 | D:8      | Noticed a brown ugly thing
  7780 | D:8      | Noticed a two-headed ogre
  7885 | Lair:1   | Entered Level 1 of the Lair of Beasts
  7892 | Lair:1   | Noticed a five-headed hydra
  7967 | Lair:1   | Noticed a cane toad
  7976 | Lair:1   | Killed a cane toad
  8071 | Lair:1   | Noticed a cane toad
  8080 | Lair:1   | Killed a cane toad
  8081 | Lair:1   | Reached skill level 8 in Fighting
  8081 | Lair:1   | Reached skill level 5 in Dodging
  8246 | Lair:1   | Noticed Grum
  8248 | Lair:1   | Gained mutation: When seriously injured, your bleeding
                  | wounds create thick armour. (AC +9) [demonic ancestry]
  8248 | Lair:1   | Reached XP level 11. HP: 72/86 MP: 0/17
  8262 | Lair:1   | Killed Grum
  9130 | Lair:2   | Found a gate leading to a gauntlet.
  9152 | Gauntlet | Entered a Gauntlet
  9152 | Gauntlet | Found a transporter.
  9152 | Gauntlet | Found a transporter.
  9188 | Gauntlet | Noticed a catoblepas
  9189 | Gauntlet | Found a transporter.
  9193 | Gauntlet | Found a transporter.
  9204 | Gauntlet | Noticed a reaper
  9205 | Gauntlet | Found a transporter.
  9207 | Gauntlet | Found a transporter.
  9217 | Gauntlet | Found a transporter.
  9226 | Gauntlet | Noticed a thrashing horror
  9226 | Gauntlet | Noticed a thrashing horror
  9238 | Gauntlet | Found a transporter.
  9243 | Gauntlet | Found a transporter.
  9243 | Gauntlet | Noticed a dire elephant
  9247 | Gauntlet | Found a transporter.
  9249 | Gauntlet | Noticed a wolf spider
  9257 | Gauntlet | Found a transporter.
  9261 | Gauntlet | Found a transporter.
  9262 | Gauntlet | Noticed an oklob plant
  9745 | Lair:2   | Reached skill level 9 in Fighting
  9863 | Lair:2   | Found a transporter.
  9863 | Lair:2   | Noticed icckedyourdad's ghost (journeyman FrFE)
  9863 | Lair:2   | Noticed a seven-headed hydra
 10043 | Lair:2   | Noticed a four-headed hydra
 10051 | Lair:2   | Found a transporter.
 10511 | Lair:3   | Found a staircase to the Shoals.
 10735 | Lair:3   | Reached skill level 5 in Hexes
 10810 | Lair:3   | Found a staircase to the Snake Pit.
 11752 | Lair:4   | Reached skill level 10 in Fighting
 11752 | Lair:4   | Gained mutation: You regenerate health from kills. [demonic
                  | ancestry]
 11752 | Lair:4   | Reached XP level 12. HP: 82/97 MP: 7/18
 11760 | Lair:4   | Found a dark tunnel.
 11776 | Volcano  | Entered a volcano
 12062 | Volcano  | Noticed a centaur warrior
 12097 | Volcano  | Killed a centaur warrior
 12098 | Volcano  | Found a burning altar of Makhleb.
 12330 | Lair:4   | Noticed an eight-headed hydra
 12361 | Lair:4   | Killed an eight-headed hydra
 12361 | Lair:4   | Reached skill level 5 in Spellcasting
 12752 | Lair:4   | Reached skill level 5 in Evocations
 12763 | Lair:4   | Reached skill level 10 in Invocations
 13232 | Lair:4   | Noticed Kirke
 14000 | Lair:5   | Reached skill level 10 in Dodging
 14614 | Lair:6   | Entered Level 6 of the Lair of Beasts
 14641 | Lair:6   | Gained mutation: You are partially covered in sharp spines.
                  | [demonic ancestry]
 14641 | Lair:6   | Reached XP level 13. HP: 83/104 MP: 0/20
 14795 | Lair:6   | Reached skill level 11 in Fighting
 15435 | Lair:6   | Reached skill level 12 in Fighting
 15484 | Lair:6   | Got a crystal hand crossbow
 15926 | Lair:6   | Found a large runed door.
 15960 | Lair:6   | Found a large runed door.
 15983 | Lair:6   | Noticed a fire dragon
 16124 | Lair:6   | Found a viscous altar of Jiyva.
 16124 | Lair:6   | Found a staircase to the Slime Pits.
 16730 | D:8      | Bought a scroll of fog for 26 gold pieces
 16730 | D:8      | Bought a scroll of teleportation for 39 gold pieces
 16798 | D:8      | Reached XP level 14. HP: 115/115 MP: 0/21
 17530 | D:9      | Noticed Erica
 17545 | D:9      | Killed Erica
 17661 | D:9      | Reached skill level 10 in Charms
 18040 | D:10     | Entered Level 10 of the Dungeon
 18442 | D:10     | Identified the +8 hand crossbow "Voank" {speed, rElec} (You
                  | found it on level 6 of the Lair of Beasts)
 18953 | D:10     | Found a staircase to the Orcish Mines.
 18975 | D:10     | Found a roughly hewn altar of Beogh.
 19051 | Orc      | Entered the Orcish Mines
 19172 | Orc      | Found Peitsoff's Food Boutique.
 19193 | Orc      | Found Yhairruv's Gadget Emporium.
 19289 | Orc      | Found Soenuj's General Store.
 19297 | Orc      | Found Lone's Distillery.
 19310 | Orc      | Reached skill level 13 in Fighting
 19461 | Orc      | Found Sucw's Jewellery Boutique.
 19484 | Orc      | Found Okykhai's Book Emporium.
 19588 | Orc      | Found Buris's Magic Scroll Emporium.
 19592 | Orc      | Found a staircase to the Elven Halls.
 19621 | Orc      | Found Otob's Antique Weapon Boutique.
 19817 | Orc      | Bought a scroll of summoning for 123 gold pieces
 19817 | Orc      | Bought a scroll of teleportation for 39 gold pieces
 19817 | Orc      | Bought a scroll of teleportation for 39 gold pieces
 19875 | Orc      | Bought a scroll of magic mapping for 49 gold pieces
 19875 | Orc      | Bought a potion of curing for 42 gold pieces
 19882 | Orc      | Bought a potion of resistance for 150 gold pieces
 19882 | Orc      | Bought a potion of lignification for 45 gold pieces
 19882 | Orc      | Bought a potion of curing for 45 gold pieces
 19882 | Orc      | Bought a potion of lignification for 45 gold pieces
 19882 | Orc      | Bought a potion of might for 60 gold pieces
 19882 | Orc      | Bought a potion of heal wounds for 75 gold pieces
 19882 | Orc      | Bought a potion of agility for 60 gold pieces
 19882 | Orc      | Bought a potion of agility for 60 gold pieces
 19911 | Orc      | Bought a box of beasts for 240 gold pieces
 19911 | Orc      | Bought a sack of spiders for 240 gold pieces
 19911 | Orc      | Bought a wand of digging (6) for 240 gold pieces
 19911 | Orc      | Bought a wand of acid (5) for 216 gold pieces
 19915 | Orc      | Bought a wand of polymorph (8) for 60 gold pieces
 20118 | D:11     | Found a gate to the Vaults.
 20344 | D:11     | Reached XP level 15. HP: 124/124 MP: 24/24
 20451 | D:11     | Found Duaxteq's Assorted Antiques.
 20500 | D:11     | Found a runed translucent gate.
 20500 | D:11     | Found a runed translucent gate.
 20501 | D:11     | Found a runed translucent gate.
 20516 | D:11     | Noticed ichfickdeinhundeclan's ghost (journeyman HOBe)
 20634 | D:11     | Found Ucroeg's Gadget Emporium.
 20914 | D:12     | Entered Level 12 of the Dungeon
 21298 | D:12     | Found a staircase to the Depths.
 21633 | D:12     | Learned a level 6 spell: Borgnjor's Vile Clutch
 21636 | D:12     | Learned a level 2 spell: Swiftness
 21757 | D:12     | Reached skill level 1 in Necromancy
 22503 | Snake:1  | Entered Level 1 of the Snake Pit
 22543 | Snake:1  | Noticed Aizul
 22714 | Shoals:1 | Entered Level 1 of the Shoals
 23432 | Lair:1   | Reached skill level 14 in Fighting
 23581 | Lair:2   | Killed icckedyourdad's ghost
 23756 | Lair:4   | Killed Kirke
 23980 | Lair:6   | Got a shimmering ring mail
 23991 | Lair:6   | Identified the +3 ring mail of Least Resistance {+Inv MR+}
                  | (You found it on level 6 of the Lair of Beasts)
 24416 | Snake:1  | Noticed Agnes
 24422 | Snake:1  | Killed Aizul
 24428 | Snake:1  | HP: 4/127 [anaconda (5)]
 24429 | Snake:1  | Killed Agnes
 24429 | Snake:1  | Mangled by a naga warrior

Skill      XL: |  1  2  3  4  5  6  7  8  9 10 11 12 13 14 15 |
---------------+----------------------------------------------+-----
Fighting       | 2 3 4 5 6 7 8 10 12 13 14 | 14.5
Short Blades   | 2 3 4 6 7 8 |  8.0
Dodging        | 3 4 5 7 10 11 | 11.8
Hexes          | 2 3 5 |  5.0
Armour         | 1 3 5 7 |  7.9
Spellcasting   | 1 4 5 |  5.5
Charms         | 1 4 6 9 10 | 10.4
Invocations    | 3 6 8 10 12 13 | 13.7
Evocations     | 1 3 5 |  5.9
Necromancy     | 3 |  3.7
Maces & Flails | |  0.8
Stealth        | |  3.0

Action                   |  1- 3 |  4- 6 |  7- 9 | 10-12 | 13-15 || total
-------------------------+-------+-------+-------+-------+-------++-------
Melee: Whip              |    23 |       |       |       |       ||    23
       Hand axe          |   105 |   190 |    31 |       |       ||   326
       Pair of quick bla |       |       |   237 |   401 |   935 ||  1573
Throw: Stone             |    51 |    49 |    85 |    93 |   191 ||   469
       Tomahawk          |       |       |       |       |     2 ||     2
 Cast: Infusion          |       |       |     3 |    46 |    36 ||    85
       Song of Slaying   |       |       |       |     8 |    22 ||    30
       Spectral Weapon   |       |       |       |    17 |    29 ||    46
       Ozocubu's Armour  |       |       |       |     3 |    12 ||    15
       Regeneration      |       |       |       |     2 |     3 ||     5
       Swiftness         |       |       |       |       |     1 ||     1
Invok: Stomp             |       |       |     3 |     2 |    10 ||    15
       Line Pass         |       |       |     3 |     1 |     3 ||     7
       Grand Finale      |       |       |       |       |     1 ||     1
 Abil: Evoke Berserk Rag |       |       |       |       |     1 ||     1
Evoke: Wand              |       |       |       |       |     1 ||     1
  Use: Scroll            |     2 |       |    14 |     5 |    12 ||    33
       Potion            |       |       |     2 |     2 |     5 ||     9
 Stab: Paralysed         |       |       |     4 |    25 |    63 ||    92
       Confused          |       |       |     2 |       |     2 ||     4
       Sleeping          |       |       |       |     1 |     4 ||     5
       Distracted        |       |       |       |       |     3 ||     3
  Eat: Chunk             |     3 |     7 |    11 |    26 |    26 ||    73
       Ration            |       |       |       |       |     5 ||     5
Armor: Robe              |     3 |       |       |       |       ||     3
       Scale mail        |    61 |   103 |       |       |       ||   164
       Chain mail        |       |       |    51 |       |       ||    51
       Ring mail         |       |       |    17 |    75 |    82 ||   174
       Troll leather arm |       |       |     9 |    11 |    77 ||    97
Dodge: Dodged            |    64 |    87 |    76 |   154 |   448 ||   829
